 Dungeon Crawl Stone Soup version 0.28.0 (webtiles) character file.

Game seed: 3677608630373020356

39 Sanktem7 the Skirmisher (level 3, -3/34 HPs)
             Began as a Minotaur Fighter on Feb 12, 2022.
             Slain by a black bear (4 damage)
             ... on level 3 of the Dungeon.
             The game lasted 00:01:58 (646 turns).

Sanktem7 the Skirmisher (Minotaur Fighter)           Turns: 646, Time: 00:01:59

Health: -3/34      AC:  7    Str: 22    XL:     3   Next: 28%
Magic:  2/2        EV:  9    Int:  5    God:
Gold:   24         SH:  4    Dex:  9    Spells: 2/2 levels left

rFire   . . .      SeeInvis .   a - +0 war axe
rCold   . . .      Faith    .   c - +0 buckler
rNeg    . . .      Spirit   .   b - +0 scale mail
rPois   .          Reflect  .   (helmet restricted)
rElec   .          Harm     .   (no cloak)
rCorr   .          Rampage  .   (no gloves)
Will    .....                   (no boots)
Stlth   ..........              (no amulet)
HPRegen 0.11/turn               (no ring)
MPRegen 0.08/turn               (no ring)

@: no status effects
A: horns 2, retaliatory headbutt
a: no special abilities


You were on level 3 of the Dungeon.
You visited 1 branch of the dungeon, and saw 4 of its levels.

You collected 24 gold pieces.

Inventory:

Hand Weapons
 a - a +0 war axe (weapon)
 f - a +0 hand crossbow
Missiles
 g - 14 bolts
Armour
 b - a +0 scale mail (worn)
 c - a +0 buckler (worn)
Scrolls
 e - a scroll of vulnerability {unknown}
Potions
 d - 2 potions of might


   Skills:
 * Level 4.5 Fighting
 * Level 3.1 Axes
 * Level 4.1 Armour
 - Level 3.6 Shields


You had 2 spell levels left.
You didn't know any spells.
Your spell library was empty.

Dungeon Overview and Level Annotations

Branches:
Dungeon (4/15)
 Temple: D:4-7

Altars:

Annotations:
D:4 3 runed translucent doors


Innate Abilities, Weirdness & Mutations

You have a pair of horns on your head.
You reflexively headbutt those who attack you in melee.


Message History

Found 26 bolts.
The orc priest shouts!
Found a stone staircase leading up.
You block the orc's attack.
An endoplasm comes into view.
Found a book of the Hunter.
The endoplasm quivers.
The endoplasm moves out of view.
Found a leather armour.
Found a stone staircase leading up.
Found a scroll labelled HAUSUFOIBU IMPIWN.
The orc barely misses you.
Found a runed translucent gate.
The orc priest mumbles some strange prayers to Beogh against you.
Beogh smites you!
There is a stone staircase leading up here.
The orc priest invokes the aid of Beogh against you.
Beogh smites you! The orc hits you with a +0 club.
* * * LOW HITPOINT WARNING * * *
You block the black bear's attack. x2
The black bear claws you but does no damage.
You climb upwards.
There is a stone staircase leading down here.
You completely miss the orc. You closely miss the black bear.
The orc hits you but does no damage. The black bear closely misses you.
You furiously retaliate!
You headbutt the black bear!
The black bear claws you but does no damage. x2
The orc hits you but does no damage.
The black bear bites you but does no damage.
The black bear claws you but does no damage.
The black bear barely misses you.
You hit the orc. Your headbutt misses the orc.
The orc is heavily wounded.
You closely miss the black bear. The orc barely misses you.
You furiously retaliate!
You headbutt the orc.
You kill the orc!
The black bear bites you.
* * * LOW HITPOINT WARNING * * *
The black bear claws you.
* * * LOW HITPOINT WARNING * * *
The black bear claws you.
You die...

#. .## ..# #..
####..####
#........#
#......).#####
#....h@.......
##############


You could see a black bear.

Vanquished Creatures
  3 dart slugs (D:1)
  An orc (D:3)
  3 bats (D:1)
  2 endoplasms (D:1)
  3 hobgoblins (D:1)
  8 jackals (D:1)
  A kobold (D:1)
  6 ball pythons
  2 frilled lizards (D:1)
  A goblin (D:1)
  3 rats
33 creatures vanquished.

Vanquished Creatures (others)
  A plant (D:1)
1 creature vanquished.

Grand Total: 34 creatures vanquished

Notes
Turn   | Place    | Note
-------+----------+-------------------------------------------
     0 | D:1      | Sanktem7 the Minotaur Fighter began the quest for the Orb.
     0 | D:1      | Reached XP level 1. HP: 19/19 MP: 0/0
    81 | D:1      | Reached XP level 2. HP: 20/27 MP: 1/1
   292 | D:1      | Reached XP level 3. HP: 28/34 MP: 2/2
   415 | D:1      | Found a faded altar of an unknown god.
   598 | D:2      | You fall into a shaft and drop 2 floors!
   598 | D:4      | Noticed a phantom
   598 | D:4      | Noticed a black bear
   639 | D:4      | Found a runed translucent gate.
   639 | D:4      | Found a runed translucent gate.
   639 | D:4      | Found a runed translucent gate.
   646 | D:3      | HP: 1/34 [black bear (4)]
   646 | D:3      | Slain by a black bear

Illustrated notes

Levels and vault maps discovered:
D:1:      amcnicky_arrival_double_pillar, layout_rooms,
          shapermc_ecumenical_altar_ellora
D:2:      layout_rooms, grunt_ministairs_12, minmay_snake_closets, uniq_jessica
D:3:      layout_rooms, grunt_dithmenos_smoke, minivault_11
D:4:      layout_basic, minmay_temple_entry_poolview, gammafunk_ghost_icy,
          serial_shops, nicolae_shop_statue_plus, serial_bayou_pond_d,
          st_stairs_7

Skill      XL: |  1  2  3 |
---------------+----------+-----
Fighting       | 4 |  4.5
Armour         | 4 |  4.1
Axes           | 3 |  3.1
Shields        | |  3.6

Action                   || total
-------------------------++-------
Melee: War axe           ||    60
       Headbutt          ||     3
Armor: Scale mail        ||    61
Dodge: Dodged            ||    35
Block: Buckler           ||    22
